 Dungeon Crawl Stone Soup version 0.28-a0-1387-g3a22ab9bdc (webtiles) character file.

Game seed: 6233340318066372876

1446 porpoise the Fighter (level 8, 0/71 HPs)
             Began as a Merfolk Artificer on Jan 3, 2022.
             Slain by a steam dragon (9 damage)
             ... on level 6 of the Dungeon.
             The game lasted 00:29:06 (8233 turns).

porpoise the Fighter (Merfolk Artificer)            Turns: 8233, Time: 00:29:07

Health: 0/71       AC:  3    Str: 13    XL:     8   Next: 75%
Magic:  8/8        EV: 13    Int: 12    God:
Gold:   1124       SH:  0    Dex: 14    Spells: 7/7 levels left

rFire   . . .      SeeInvis .   a - +3 scimitar (holy)
rCold   . . .      Faith    .   (no shield)
rNeg    . . .      Spirit   .   o - +0 leather armour
rPois   .          Reflect  .   (no helmet)
rElec   .          Harm     .   (no cloak)
rCorr   +          Rampage  .   (no gloves)
Will    .....                   (no boots)
Stlth   +++.......              i - amulet of the acrobat
HPRegen 0.21/turn               v - ring of resist corrosion
MPRegen 0.11/turn               (no ring)

@: no status effects
A: (nimble swimmer 2), mertail
a: no special abilities


You were on level 6 of the Dungeon.
You visited 1 branch of the dungeon, and saw 6 of its levels.

You collected 1124 gold pieces.

Inventory:

Hand Weapons
 a - a +3 scimitar of holy wrath (weapon)
 b - a +1 vorpal hand crossbow
 w - a +0 trident
 B - a +0 hunting sling of freezing
Missiles
 g - 3 throwing nets
 l - 170 stones
 n - 48 sling bullets
 s - 23 arrows
 u - 41 bolts
 y - 3 silver javelins
 A - 7 poisoned darts
Armour
 o - a +0 leather armour (worn)
Magical Staves
 k - a staff of death
 r - a staff of air
 D - a staff of poison
Jewellery
 i - an amulet of the acrobat (around neck)
 v - a ring of resist corrosion (left hand)
 F - a +6 ring of intelligence
Wands
 c - a wand of flame (6)
 d - a wand of charming (9) (quivered)
 C - a wand of iceblast (10)
Scrolls
 f - a scroll of noise
 m - 4 scrolls of teleportation
 p - a scroll of holy word
 q - a scroll of brand weapon
 t - 2 scrolls of fear
 x - a scroll of magic mapping {unknown}
 G - a scroll of blinking {unknown}
Potions
 h - a potion of mutation
 j - a potion of lignification
 z - a potion of ambrosia
 E - a potion of heal wounds {unknown}
Miscellaneous
 e - a piece from Xom's chessboard (14/15)


   Skills:
 * Level 9.2 Fighting
 - Level 0.6 Armour
 * Level 4.2 Dodging
 - Level 7.0 Stealth
 + Level 3.0 Evocations


You had 7 spell levels left.
You didn't know any spells.
Your spell library contained the following spells:

 Spells                   Type           Power      Damage    Failure   Level
 Ensorcelled Hibernation  Hex/Ice        0%         N/A       54%         2
 Spider Form              Tmut/Pois      0%         N/A       77%         3


Dungeon Overview and Level Annotations

Branches:
Dungeon (6/15)             Temple (0/1) D:4

Altars:
The Shining One

Annotations:
D:5 3 runed translucent doors, avis's ghost, novice NaTm


Innate Abilities, Weirdness & Mutations

((You are very nimble when in or above water. (Stealth+, EV+, Speed+++)))
Your lower body shifts to a powerful aquatic tail in water.


Message History

You kill the white imp!
HP restored.
u - 40 bolts (gained 1)
u - 41 bolts (gained 1)
u - 42 bolts (gained 1)
A steam dragon comes into view.
The steam dragon hisses angrily.
The steam dragon breathes steam at you. The ball of steam hits you!
A howler monkey skeleton comes into view.
You shoot a bolt. The bolt hits the steam dragon.
The steam dragon is lightly wounded.
The steam dragon bites you but does no damage.
The steam dragon barely misses you.
Your +3 scimitar of holy wrath softly glows with a divine radiance!
a - a +3 scimitar of holy wrath (weapon)
The steam dragon bites you! The steam dragon completely misses you.
You hit the steam dragon.
The steam dragon is lightly wounded.
The steam dragon bites you! The steam dragon misses you.
You slash the steam dragon!
The steam dragon is heavily wounded.
The steam dragon bites you! The steam dragon claws you.
The steam dragon bites you!
* * * LOW HITPOINT WARNING * * *
The steam dragon claws you.
* * * LOW HITPOINT WARNING * * *
You slash the steam dragon!
The steam dragon is severely wounded.
The howler monkey skeleton hits you.
* * * LOW HITPOINT WARNING * * *
The steam dragon bites you.
* * * LOW HITPOINT WARNING * * *
The steam dragon closely misses you.
You slash the steam dragon!
The steam dragon is almost dead.
The howler monkey skeleton hits you.
* * * LOW HITPOINT WARNING * * *
The steam dragon bites you!
You die...

#.#..##.........
####....##.#..........
........##.#....#.#..#
#####.#..#...[.......#
#.#..#....#.#.#.####
#.#..#....>............##.#
#.#.##.......(.........##.#
#.#.........DZ.........##.#
####.####......@.........<##.###
#....# ##.....#########..##....
#....# #.#.#........##..#.....
#....#####.........###.......#.#
#....'.....#.#.....# #....##....
#....####..........# #.......#.#
##....# #........#.# #.#..#.....
......# #.#......#.# #.#..##....
##....# #.#......#.###.#..######


You could see a steam dragon and a howler monkey skeleton.

Vanquished Creatures
  4 water moccasins
  A necrophage (D:4)
  2 ogres
  A centaur (D:3)
  A phantom (D:5)
  A bullfrog zombie (D:5)
  A centaur zombie (D:6)
  A bullfrog skeleton (D:5)
  An orc priest (D:5)
  2 hounds (D:5)
  An orc wizard (D:5)
  An iguana (D:5)
  6 adders
  3 gnolls
  A howler monkey skeleton (D:5)
  A white imp (D:6)
  4 worms
  3 dart slugs
  13 orcs
  7 ball pythons
  6 endoplasms
  2 giant cockroaches
  8 goblins
  6 hobgoblins
  3 jackals (D:1)
  2 quokkas (D:1)
  10 bats
  4 frilled lizards
  A kobold (D:4)
  4 rats
101 creatures vanquished.

Vanquished Creatures (collateral kills)
  Blork the orc (D:4)
  A scorpion (D:5)
  A centaur zombie (D:5)
  A gnoll (D:3)
  A ball python (D:2)
5 creatures vanquished.

Vanquished Creatures (others)
  A gnoll (D:3)
  An orc (D:4)
  A jackal (D:1)
3 creatures vanquished.

Grand Total: 109 creatures vanquished

Notes
Turn   | Place    | Note
-------+----------+-------------------------------------------
     0 | D:1      | porpoise the Merfolk Artificer began the quest for the Orb.
     0 | D:1      | Reached XP level 1. HP: 15/15 MP: 1/1
   173 | D:1      | Reached skill level 2 in Fighting
   173 | D:1      | Reached XP level 2. HP: 9/22 MP: 2/2
  1404 | D:1      | Reached XP level 3. HP: 28/28 MP: 3/3
  2178 | D:2      | Reached skill level 3 in Fighting
  2747 | D:2      | Reached XP level 4. HP: 35/35 MP: 4/4
  3382 | D:3      | Reached skill level 4 in Fighting
  3591 | D:3      | Reached XP level 5. HP: 12/42 MP: 5/5
  4108 | D:3      | Noticed a centaur
  4110 | D:3      | Killed a centaur
  4111 | D:3      | Reached skill level 5 in Fighting
  4250 | D:3      | Found a glowing golden altar of the Shining One.
  4382 | D:3      | Reached XP level 6. HP: 32/51 MP: 6/6
  5510 | D:4      | Noticed Blork the orc
  5525 | D:4      | Killed Blork the orc
  5526 | D:4      | Reached skill level 6 in Fighting
  5795 | D:4      | Noticed a necrophage
  5800 | D:4      | Killed a necrophage
  5801 | D:4      | Reached skill level 5 in Stealth
  5801 | D:4      | Reached XP level 7. HP: 56/59 MP: 7/7
  5831 | D:4      | Found a staircase to the Ecumenical Temple.
  6067 | D:5      | Entered Level 5 of the Dungeon
  6159 | D:5      | Reached skill level 7 in Fighting
  6482 | D:5      | Reached skill level 8 in Fighting
  6482 | D:5      | Reached XP level 8. HP: 35/68 MP: 8/8
  7212 | D:5      | Found a runed translucent gate.
  7212 | D:5      | Found a runed translucent gate.
  7212 | D:5      | Found a runed translucent gate.
  7213 | D:5      | Noticed avis's ghost (novice NaTm)
  7372 | D:5      | Reached skill level 9 in Fighting
  7635 | D:6      | Identified a scroll of acquirement
  7635 | D:6      | Acquired 859 gold pieces
  8233 | D:6      | Slain by a steam dragon

Illustrated notes

Levels and vault maps discovered:
D:1:      dpeg_arrival_stonehenge_8_columns, layout_loops_ring
D:2:      layout_loops_corners, minmay_quadrilaterals
D:3:      layout_loops_ring, mainiacjoe_overflow_boulevard
D:4:      layout_rooms, temple_doors_e, hangedman_decor_slide_cut,
          corexii_hall_statues_l, uniq_blork_the_orc
D:5:      layout_rooms, ebering_ghost_rock_garden, st_stairs_1,
          minmay_misc_feat_chi, minmay_fractal_squares_5
D:6:      layout_basic, nicolae_ashenzari_skybound, grunt_temple_overflow_open,
          serial_co_window_serial, co_window_paths_b, co_window_corner_a,
          co_window_corner_a, co_window_paths_a, co_window_of_opportunity_a,
          co_window_unsneaky_path_b, co_window_corner_cb, co_window_2corner,
          co_window_of_opportunity_c, co_window_broadway_a,
          co_window_broadway_b, co_window_corner_b, glass_columns_a,
          glass_columns_a, glass_columns_a

Skill      XL: |  1  2  3  4  5  6  7  8 |
---------------+-------------------------+-----
Fighting       | 2 3 4 5 6 8 9 |  9.2
Stealth        | 2 3 5 6 7 |  7.0
Dodging        | 4 |  4.2
Armour         | |  0.6
Evocations     | |  3.0

Action                   |  1- 3 |  4- 6 |  7- 9 || total
-------------------------+-------+-------+-------++-------
Melee: Mace              |   130 |    62 |       ||   192
       Scimitar          |       |     4 |    29 ||    33
 Fire: Hunting sling     |     2 |    84 |       ||    86
       Hand crossbow     |       |     6 |    67 ||    73
Evoke: Wand              |     3 |    11 |     1 ||    15
       Piece from Xom's  |       |    11 |     1 ||    12
  Use: Potion            |       |     4 |     1 ||     5
       Scroll            |       |       |    14 ||    14
 Stab: Sleeping          |     5 |       |       ||     5
       Petrified         |       |     4 |       ||     4
       Paralysed         |       |     4 |       ||     4
Armor: Leather armour    |    48 |    13 |    12 ||    73
       Skin              |       |     5 |       ||     5
Dodge: Dodged            |   108 |    68 |    25 ||   201

Table legend: (Time is in decaauts)
 A = Elapsed time spent in this place.
 B = Non-inter-level travel time spent in this place.
 C = Inter-level travel time spent in this place.
 D = Time resting spent in this place.
 E = Time spent auto-exploring this place.
 F = Levels seen in this place.
 G = Mean time per level.
                   A        B        C        D        E       F      G
               +--------+--------+--------+--------+--------+-----+--------+
         Total |   8348 |   8065 |    283 |   3854 |   3048 |   6 | 1391.3 |
       Dungeon |   8348 |   8065 |    283 |   3854 |   3048 |   6 | 1391.3 |
               +--------+--------+--------+--------+--------+-----+--------+

Top non-repeatable levels by time:
     D:1: 1905 daAuts
     D:2: 1641 daAuts
     D:5: 1559 daAuts
     D:3: 1514 daAuts
     D:4: 1113 daAuts
     D:6: 614 daAuts
